 Dungeon Crawl Stone Soup version 0.20.1-1-g8b1a95d (webtiles) character file.

2117 Mitsuki the Digger (level 9, 0/52 HPs)
             Began as a Gargoyle Earth Elementalist on Oct 2, 2017.
             Was a Follower of Vehumet.
             Slain by a warg (3 damage)
             ... on level 6 of the Dungeon.
             The game lasted 00:31:48 (11193 turns).

Mitsuki the Digger (Gargoyle Earth Elementalist)   Turns: 11193, Time: 00:31:48

Health: 0/52       AC: 13    Str: 13    XL:     9   Next: 29%
Magic:  11/16      EV: 12    Int: 18    God:    Vehumet [*.....]
Gold:   334        SH:  0    Dex: 10    Spells: 9/18 levels left

rFire    . . .     SeeInvis .   N - +5 dire flail (crush)
rCold    . . .     Gourm    .   (shield currently unavailable)
rNeg     + . .     Faith    .   c - +0 robe
rPois    ∞         Spirit   .   G - +0 helmet
rElec    +         Reflect  .   (no cloak)
rCorr    .         Harm     .   s - +1 pair of gloves
MR       .....                  q - +0 pair of boots
Stlth    +++.......             (no amulet)
Regen    0.2/turn               n - ring of stealth
MPRegen  0.2/turn               E - +1 ring of protection

@: no status effects
A: negative energy resistance 1, electricity resistance, unbreathing,
petrification resistance, rot immunity, AC +5
a: Renounce Religion


You were on level 6 of the Dungeon.
You worshipped Vehumet.
Vehumet was aware of your devotion.
You were not hungry.

You visited 2 branches of the dungeon, and saw 8 of its levels.

You collected 334 gold pieces.

Inventory:

Hand Weapons
 B - a +0 lajatang
 N - a +5 dire flail of crushing (weapon)
Missiles
 b - 121 stones (quivered)
Armour
 c - a +0 robe (worn)
 q - a +0 pair of boots (worn)
 s - a +1 pair of gloves (worn)
 D - a cursed +0 buckler
 G - a +0 helmet (worn)
Magical Staves
 y - an uncursed staff of summoning
Jewellery
 n - a ring of stealth (left hand)
 t - an uncursed ring of ice
 A - an uncursed ring of fire
 E - a +1 ring of protection (right hand)
 I - an uncursed ring of flight
Scrolls
 h - a scroll of noise {unknown}
 j - 5 scrolls of teleportation {unknown}
 k - 4 scrolls of remove curse {unknown}
 m - 2 scrolls of enchant weapon {unknown}
 p - 6 scrolls of enchant armour {unknown}
 u - 5 scrolls of identify {unknown}
 z - a scroll of blinking {unknown}
 C - a scroll of recharging {unknown}
 F - a scroll of holy word {unknown}
 H - a scroll of amnesia {unknown}
 L - 2 scrolls of magic mapping {unknown}
Potions
 a - a potion of haste {unknown}
 g - 3 potions of flight
 i - a potion of might {unknown}
 l - 2 potions of degeneration {unknown}
 o - 4 potions of heal wounds {unknown}
 v - 2 potions of ambrosia
 w - a potion of mutation {unknown}
 K - a potion of cancellation {unknown}
Books
 e - a book of Geomancy

   Spells                             Type                      Level
   a - Sandblast                      Earth                        1
   b - Passwall                       Transmutation/Earth          2
   c - Stone Arrow                    Conjuration/Earth            3
   d - Petrify                        Transmutation/Earth          4
   e - Lee's Rapid Deconstruction     Earth                        5
 f - a book of Changes

   Spells                             Type                      Level
   a - Beastly Appendage              Transmutation                1
   b - Sticks to Snakes               Transmutation                2
   c - Spider Form                    Transmutation/Poison         3
   d - Ice Form                       Ice/Transmutation            4
   e - Blade Hands                    Transmutation                5
Comestibles
 d - 6 bread rations
 r - 4 meat rations
 x - 6 fruits


   Skills:
 + Level 3.7 Fighting
 + Level 2.6(2.7) Maces & Flails
 - Level 0.4(1.7) Staves
 + Level 2.5 Armour
 + Level 2.9 Dodging
 - Level 3.1 Stealth
 + Level 3.4 Shields
 + Level 5.2 Spellcasting
 + Level 5.1 Conjurations
   Level 0.7 Transmutations
 + Level 7.6 Earth Magic
 + Level 1.3 Evocations


You had 9 spell levels left.
You knew the following spells:

 Your Spells              Type           Power        Failure   Level  Hunger
a - Sandblast             Erth           ####..       1%          1    None
b - Stone Arrow           Conj/Erth      ####..       2%          3    ##.....
c - Lee's Rapid Deconstr  Erth           ####......   16%         5    ######.


Dungeon Overview and Level Annotations

Branches:
Dungeon (7/15)             Temple (1/1) D:6

Altars:
Dithmenos
Hepliaklqana
Kikubaaqudgha
Makhleb
Nemelex Xobeh
Okawaru
Qazlal
Trog
Vehumet
Xom
Zin
The Shining One
Lugonu


Innate Abilities, Weirdness & Mutations

You are resistant to torment.
Your stone body is resilient. (AC +5)
You are immune to poison.
You resist negative energy. (rN+)
You are resistant to electric shocks. (rElec)
You can survive without breathing.
You are immune to petrification.
You are immune to rotting.


Message History

b - 123 stones The warg closely misses you.
The warg bites you but does no damage.
Casting: Sandblast
Confirm with . or Enter, or press ? or * to list all spells.
Aiming: Sandblast
Press: ? - help, Shift-Dir - straight line, f/p - warg
Aim: a warg The blast of sand hits the warg.
The warg is moderately wounded.
b - 122 stones The warg barely misses you.
Casting: Sandblast
Confirm with . or Enter, or press ? or * to list all spells.
Aiming: Sandblast
Press: ? - help, Shift-Dir - straight line, f/p - warg
Aim: a warg (moderately wounded)
The blast of sand misses the warg.
b - 121 stones The warg bites you.
You die...

####.##.##.##.
#########..........##.
########.......#.#####.......
#........##.........##.######
#.######.##.##.........# #.#
#....##.#.##.##.# #.#
#.#####.#.##.##.# #.#
#.#####.#.......# #.#
#....@†.#.##.##.## #.#
#...h...#........#### #.#
#...................## #.##
#.......###)....###... #..#
#.....<.#≈≈≈≈≈≈≈≈≈#... ##.#
#.......#≈#.....#≈#... #.#
#........≈.......)...# #.#
######...≈.......)..#. #.#
#...≈...>...≈..#.


You could see a warg.

Vanquished Creatures
  Prince Ribbit (D:5)
  A warg (D:6)
  Edmund (D:6)
  A black bear (D:6)
  An orc warrior (D:5)
  A phantom (D:5)
  2 ogres
  A centaur (D:6)
  A bullfrog (D:6)
  A crimson imp (D:5)
  A centaur zombie (D:6)
  4 hounds
  A centaur skeleton (D:4)
  A gnoll shaman (D:6)
  6 orc wizards
  2 bullfrog skeletons (D:6)
  4 orc priests
  3 worker ants (D:6)
  3 hound skeletons
  11 gnolls
  10 adders
  3 shadow imps (D:6)
  2 oozes (D:5)
  An adder skeleton (D:6)
  A worm (D:3)
  2 dart slugs
  3 leopard geckos
  28 orcs
  12 giant cockroaches
  7 goblins
  8 hobgoblins
  22 jackals
  7 quokkas
  2 ball pythons
  12 bats
  3 frilled lizards
  9 kobolds
  A quokka skeleton (D:5)
  9 rats
  A demonic plant (Temple)
190 creatures vanquished.

Vanquished Creatures (others)
  An ogre (D:5)
  A scorpion (D:5)
  A hound (D:5)
3 creatures vanquished.

Grand Total: 193 creatures vanquished

Notes
Turn   | Place    | Note
-------+----------+-------------------------------------------
     0 | D:1      | Mitsuki the Gargoyle Earth Elementalist began the quest for the Orb.
     0 | D:1      | Reached XP level 1. HP: 10/10 MP: 3/3
   520 | D:1      | Reached skill level 4 in Earth Magic
   544 | D:1      | Reached XP level 2. HP: 13/15 MP: 5/5
  1126 | D:1      | Reached XP level 3. HP: 19/19 MP: 6/6
  1165 | D:1      | Learned a level 3 spell: Stone Arrow
  2291 | D:2      | Reached skill level 5 in Earth Magic
  2401 | D:2      | Reached XP level 4. HP: 22/24 MP: 6/8
  2616 | D:2      | Found a hazy altar of Hepliaklqana.
  2809 | D:2      | Found a burning altar of Makhleb.
  2852 | D:2      | Found an ancient bone altar of Kikubaaqudgha.
  2938 | D:2      | Reached skill level 1 in Conjurations
  3092 | D:2      | Found a glowing silver altar of Zin.
  3093 | D:2      | Found a sparkling altar of Nemelex Xobeh.
  4691 | D:3      | Reached XP level 5. HP: 2/28 MP: 5/9
  5289 | D:3      | Found a faded altar of an unknown god.
  5538 | D:3      | Learned a level 5 spell: Lee's Rapid Deconstruction
  5740 | D:4      | Reached XP level 6. HP: 31/32 MP: 11/11
  5938 | D:4      | Reached skill level 6 in Earth Magic
  6321 | D:4      | Reached XP level 7. HP: 12/36 MP: 9/13
  7258 | D:4      | Found an iron altar of Okawaru.
  7258 | D:4      | Found a glowing golden altar of the Shining One.
  7336 | D:5      | Entered Level 5 of the Dungeon
  7693 | D:5      | Found a shadowy altar of Dithmenos.
  7740 | D:5      | Reached skill level 1 in Armour
  7787 | D:5      | Reached skill level 1 in Fighting
  7795 | D:5      | Reached skill level 1 in Maces & Flails
  8130 | D:5      | Reached skill level 1 in Shields
  8206 | D:5      | Reached skill level 7 in Earth Magic
  8206 | D:5      | Reached XP level 8. HP: 20/43 MP: 0/14
  8447 | D:5      | Noticed Prince Ribbit
  8453 | D:5      | Killed Prince Ribbit
  8840 | D:5      | Found a shimmering altar of Xom.
  8869 | D:5      | Found a stormy altar of Qazlal.
  8871 | D:5      | Noticed a water elemental
  8872 | D:5      | Noticed an air elemental
  9124 | D:6      | Found a staircase to the Ecumenical Temple.
  9159 | Temple   | Entered the Ecumenical Temple
  9189 | Temple   | Became a worshipper of Vehumet
 10104 | D:6      | Reached skill level 5 in Spellcasting
 10110 | D:6      | Noticed Edmund
 10335 | D:6      | Killed Edmund
 10335 | D:6      | Reached skill level 1 in Evocations
 10335 | D:6      | Reached XP level 9. HP: 37/49 MP: 10/16
 10345 | D:6      | Reached skill level 5 in Conjurations
 10848 | D:6      | Reached * piety under Vehumet
 10848 | D:6      | Offered knowledge of Freeze by Vehumet.
 11190 | D:6      | HP: 2/52 [warg (1)]
 11193 | D:6      | Slain by a warg

Skill      XL: |  1  2  3  4  5  6  7  8  9 |
---------------+----------------------------+-----
Earth Magic    | 4 5 6 7 |  7.6
Conjurations   | 2 3 4 5 |  5.1
Spellcasting   | 3 4 5 |  5.2
Armour         | 1 2 |  2.5
Fighting       | 1 2 3 |  3.7
Maces & Flails | 1 2 |  2.6
Shields        | 1 2 3 |  3.4
Dodging        | 2 |  2.9
Evocations     | 1 |  1.3
Stealth        | 3 |  3.1
Staves         | |  0.4
Transmutations | |  0.7

Action                   |  1- 3 |  4- 6 |  7- 9 || total
-------------------------+-------+-------+-------++-------
Melee: Unarmed           |    26 |       |       ||    26
       Dagger            |   163 |    33 |       ||   196
       Whip              |       |   149 |       ||   149
       Flail             |       |   119 |   123 ||   242
       Lajatang          |       |    14 |    56 ||    70
       Morningstar       |       |       |   119 ||   119
       Dire flail        |       |       |    55 ||    55
 Cast: Sandblast         |    21 |    29 |    56 ||   106
       Stone Arrow       |       |     2 |     5 ||     7
  Use: Potion            |       |       |     3 ||     3
 Stab: Sleeping          |       |     9 |     6 ||    15
  Eat: Chunk             |     5 |    13 |    15 ||    33
       Royal jelly       |       |       |     1 ||     1
Armor: Robe              |   117 |   149 |   229 ||   495
Dodge: Dodged            |   183 |   231 |   362 ||   776
